[Event "*** Titled Tuesday Blitz"]
[Site "Chess.com"]
[Date "2018.11.06"]
[Round "4"]
[White "mishanick"]
[Black "VladimirBelous"]
[Result "1/2-1/2"]
[WhiteElo "2924"]
[BlackElo "2744"]
[TimeControl "180+2"]
[EndTime "13:55:32 PST"]
[Termination "Game drawn by repetition"]

1. d4 c5 2. d5 g6 3. c4 Bg7 4. Nf3 d6 5. Nc3 e6 6. e4 Ne7 7.
Bd3 exd5 8. cxd5 a6 9. a4 Bg4 10. O-O Nd7 11. Be2 O-O 12. Bf4 Bxf3 13. Bxf3 Ne5 14.
Be2 f5 15. Qd2 fxe4 16. Nxe4 Nf5 17. Ng5 Nd4 18. Ne6 Nxe6 19. dxe6 Qe7 20. Bxe5 Bxe5 21. Bc4 Kg7 22. g3 Bd4 23. Kg2 Rad8 24. Rae1 d5 25. Ba2 Rf6 26. b4 Rxe6 27. bxc5 Rxe1 28. Rxe1 Qxc5 29. Rc1 Qb6 30. Rb1 Qa7 31. Qb4 Rd7 32. Rd1 Bc5 33. Qb3 b5 34. axb5 axb5 35. Rxd5 Rxd5 36. Qxd5 Qe7 37. Qd3 b4 38. Bd5 Qe5 39. f4 Qb2+ 40. Kh3 Qc3 41. Qe4 b3 42. Qe8 b2 43.
Be4 Qf6 44. Qd7+ Be7 45. Qb7 Kh6 46. Kg2 Bd6 47. h4 Qd4 48. Kh3 Qf2 49. Kg4 Qe2+ 50. Bf3 Qc2 51. Be4 Qd1+ 52. Kh3 Qf1+ 53. Kg4 Qe2+ 54.
Kh3 Bc5 55. Qd5 Qf1+ 56. Kg4 Qe2+ 57. Kh3 Be7 58. Qb7 Bf6 59. Qb4 Qf1+ 60. Kg4 Qd1+ 61. Kh3 Qe2 62. Qb7 Bd4 63. Qe7 Qf1+ 64. Kg4 Qd1+ 65.
Kh3 Qf1+ 66. Bg2 b1=Q 67. Qg5+ Kg7 68. Qe7+ Kh6 69. Qg5+ Kg7 70. Qe7+ Kh6 71. Qg5+ Kg7 72. Qe7+ Kh6 73. Qg5+ Kg7 74. Qe7+ Kh6 1/2-1/2

[Event "*** Titled Tuesday Blitz"]
[Site "Chess.com"]
[Date "2018.11.06"]
[Round "4"]
[White "Alexander_Moskalenko"]
[Black "Bryakin_Mikhail"]
[Result "1/2-1/2"]
[WhiteElo "2865"]
[BlackElo "2694"]
[TimeControl "180+2"]
[EndTime "13:55:49 PST"]
[Termination "Game drawn - insufficient material"]

1. d4 d5 2. Bf4 Nf6 3. e3 c5 4. Nf3 Nc6 5. Nbd2 Qb6 6. dxc5 Qxb2 7. Rb1 Qc3 8. Bb5 e6 9. O-O Be7 10. Ne5 Bd7 11. Nd3 Qa5 12. c4 O-O 13. Bd6 Rfe8 14. Bxe7 Rxe7 15. cxd5 exd5 16. Bxc6 Bxc6 17. Nb3 Qc7 18.
Nd4 Ne4 19. Qc2 Rc8 20. Rfd1 Bd7 21. Rdc1 g6 22. Nf4 Bc6 23. Rb2 h5 24. h3 Rd8 25.
Rcb1 Rdd7 26. Nb5 Bxb5 27. Rxb5 Qc6 28. Ne2 Rc7 29. Nd4 Qf6 30. a4 h4 31. a5 Kh7 32.
R1b2 Qa6 33. Qb3 Rxc5 34. Rxc5 Nxc5 35. Qxd5 Qxa5 36. Kh2 Qc7+ 37. Kg1 Qe5 38. Qc4 b6 39. Rb1 Qe4 40. Ra1 Ne6 41. Rd1 Nxd4 42. Rxd4 Qb1+ 43.
Kh2 Qf5 44. Rxh4+ Kg7 45. Rf4 Qe5 46. g3 a5 47. Qc6 Qe6 48. Qb5 Rd7 49. h4 Rd5 50.
Qb2+ Kg8 51. Rf6 Rb5 52. Qd4 Qe5 53. Qxe5 Rxe5 54. Rxb6 Re4 55. Ra6 Ra4 56. g4 Rxg4 57.
Rxa5 Rxh4+ 58. Kg3 Rb4 59. f3 Kg7 60. Ra6 Rc4 61. e4 f6 62. Kg4 Rc7 63. Kf4 Re7 64. Rd6 Rb7 65. Rc6 Kf7 66. Kg4 Ra7 67. f4 Re7 68. Kf3 Ra7 69. e5 fxe5 70. fxe5 Ra4 71. Rf6+ Ke7 72. Ke3 g5 73. Rg6 g4 74. e6 Ra6 75.
Rxg4 Rxe6+ 76. Re4 Rxe4+ 77. Kxe4 1/2-1/2

[Event "*** Titled Tuesday Blitz"]
[Site "Chess.com"]
[Date "2018.11.06"]
[Round "4"]
[White "Artooooo"]
[Black "Bykov_Egor"]
[Result "1-0"]
[WhiteElo "2748"]
[BlackElo "2530"]
[TimeControl "180+2"]
[EndTime "13:55:50 PST"]
[Termination "Artooooo won by resignation"]

1. d4 Nf6 2. c4 e6 3. Nf3 b6 4. g3 Ba6 5. Nbd2 Bb4 6. Qb3 c5 7. Bg2 Nc6 8. dxc5 bxc5 9. O-O Rb8 10. Qc2 O-O 11. a3 Bxd2 12. Bxd2 d5 13. cxd5 exd5 14. Qxc5 Rb6 15. Nd4 Qd7 16. Bc3 Nxd4 17. Qxd4 Bxe2 18. Rfe1 Re6 19. Bh3 Bg4 20. Bxg4 Rxe1+ 21. Rxe1 Qxg4 22. Qxg4 Nxg4 23. Re7 Rd8 24. Rxa7 h5 25.
Ra4 Nh6 26. Rf4 g5 27. Rf6 d4 28. Rxh6 dxc3 29. bxc3 Kg7 30. Rxh5 Kg6 31. g4 Rd3 32.
Rh8 Rxc3 33. Ra8 Rc4 34. h3 Rc6 35. Kg2 f5 36. gxf5+ Kxf5 37. Kg3 Rc3+ 38. f3 Rc5 39. a4 Rc1 40. Ra5+ Kg6 41. Rb5 Rc4 42. a5 Ra4 43. Rc5 Ra2 44. Rc6+ Kf5 45. Rc5+ Kf6 46. Rd5 Kg6 47. Re5 Kf6 48. Rb5 Kg6 49. Rb6+ Kf5 50. Ra6 Rb2 51. Ra8 Ra2 52. a6 Kg6 53. Ra7 Kf5 54. Rf7+ Kg6 55. Ra7 Kf5 56. Ra8 Kg6 57.
a7 Kg7 58. Kg4 Ra5 59. Kh5 Kh7 60. Kg4 Kg7 61. Kh5 Kh7 62. h4 gxh4+ 63. Kxh4 Kg7 64.
Kg4 Kh7 65. f4 Kg7 66. Kf3 Ra1 67. Ke4 Re1+ 68. Kd3 Rd1+ 69. Kc3 Ra1 70. f5 Ra3+ 71. Kb4 Ra6 72. Kb5 Ra1 73. f6+ 1-0

[Event "*** Titled Tuesday Blitz"]
[Site "Chess.com"]
[Date "2018.11.06"]
[Round "4"]
[White "FearNoEvil12"]
[Black "Shivagami"]
[Result "1-0"]
[WhiteElo "1956"]
[BlackElo "2016"]
[TimeControl "180+2"]
[EndTime "13:56:04 PST"]
[Termination "FearNoEvil12 won by resignation"]

1. e4 Nc6 2. d4 e5 3. Nf3 exd4 4. Bc4 Nf6 5. e5 d5 6. Bb5 Ne4 7. Nxd4 Bd7 8. Bxc6 bxc6 9. O-O Bc5 10. f3 Ng5 11. f4 Ne4 12. Nc3 O-O 13. Be3 Nxc3 14. bxc3 f6 15. Qd2 fxe5 16. fxe5 Qe7 17. e6 Bxd4 18.
Bxd4 Bxe6 19. Rfe1 c5 20. Bf2 Qd6 21. Bg3 Qd7 22.
Re5 c6 23. Rae1 Rae8 24. Qe3 Bf7 25. Qxc5 Rxe5 26. Bxe5 Re8 27. Qf2 Re6 28. g3 Qe7 29. Qf4 Bg6 30. Re3 Bxc2 31. Bd4 Rxe3 32. Bxe3 a6 33. Qb8+ Kf7 34. Qf4+ Kg8 35. Bd4 Qe1+ 36.
Qf1 Qe4 37. Qxa6 Qe1+ 38. Qf1 Qxf1+ 39. Kxf1 Bd3+ 40. Kf2 Kf7 41. Ke3 Bc4 42. a4 g6 43.
a5 Ke6 44. Kf4 Bd3 45. Kg5 Kf7 46. h4 Bc4 47. Kh6 Kg8 48. Kg5 Kf7 49. Kh6 Kg8 50.
g4 Bd3 51. Kg5 Kf7 52. Kf4 Ke6 53. Kg5 Kf7 54. Bc5 Bc4 55. Kf4 Ke6 56. g5 Bd3 57.
Ke3 Bc4 58. Kf4 Bd3 59. Bf8 Bc4 60. Bg7 Bb5 61. Bd4 Bc4 62. Kg4 Be2+ 63. Kf4 Bc4 64. Bf6 Bd3 65. Ke3 Bc4 66. Kd4 Kd7 67. Kc5 Bb5 68.
Kb6 Kc8 69. a6 Kb8 70. a7+ Ka8 71. Bd4 Ba4 72. Kc7 Bb5 73. Kd6 Kb7 74. Ke6 c5 75.
Bxc5 Bc6 76. Bd4 Ka6 77. Kf7 Kb5 78. Kg7 Kc4 79. Kxh7 Kd3 80. Kxg6 Ke4 81. h5 Kf4 82. h6 1-0

[Event "*** Titled Tuesday Blitz"]
[Site "Chess.com"]
[Date "2018.11.06"]
[Round "4"]
[White "Atanejhad"]
[Black "savinspm"]
[Result "1-0"]
[WhiteElo "2227"]
[BlackElo "2078"]
[TimeControl "180+2"]
[EndTime "13:56:10 PST"]
[Termination "Atanejhad won by checkmate"]

1. d4 Nf6 2. c4 e6 3. Nf3 Bb4+ 4.
Bd2 Qe7 5. g3 b6 6. Bg2 Bb7 7.
O-O Bxd2 8. Nbxd2 d6 9. Qc2 Nbd7 10. e4 e5 11. d5 a5 12. b3 Nc5 13. a3 O-O 14. b4 axb4 15. axb4 Ncd7 16. Nb3 Rxa1 17.
Rxa1 Ra8 18. Rxa8+ Bxa8 19. Nfd2 Nf8 20. c5 bxc5 21.
bxc5 Bb7 22. Bf1 dxc5 23. Nxc5 Bc8 24. h3 Ne8 25. Qc3 Nd6 26. Nf3 f6 27. Kh2 Ng6 28. Nd2 Nf8 29. Ba6 Bxa6 30. Nxa6 Ne8 31. Qc6 Qd7 32. Qc5 Qd6 33. Qb5 Kf7 34. Nc4 Qd7 35. Qc5 Qe7 36. Qa7 Nd7 37. h4 Nf8 38. h5 g6 39. h6 g5 40. Nb8 Nd6 41. Nc6 Qd7 42. Nd2 Kg6 43. Qb8 Qc8 44. Qa7 Qd7 45. Qb8 Kf7 46.
Nd8+ Ke7 47. Nc6+ Kf7 48. f3 Qc8 49. Qb2 Qa6 50. Nb1 Nd7 51. Nc3 Kg6 52. Qg2 Qd3 53. Ne2 Nf8 54. Ng1 Kxh6 55. Qh3+ Kg7 56. Ne7 Qe2+ 57. Kh1 Qd1 58. Qh5 Qa4 59. Nc6 Qa8 60. Nh3 Qe8 61. Qg4 Qd7 62. Qh5 Ng6 63. Kg2 Nf7 64. f4 exf4 65. gxf4 gxf4 66. Qf3 Nfe5 67. Nxe5 fxe5 68. Qh5 Qf7 69. Ng5 Qg8 70. Ne6+ Kh8 71. Kf2 Qf7 72. Ng5 Qe7 73. Qh6 Nf8 74. Kf3 Ng6 75.
Kf2 Qg7 76. Qh5 Qe7 77. Kf3 Qa3+ 78. Kg4 Qg3+ 79. Kf5 Qa3 80. Qxh7# 1-0

[Event "*** Titled Tuesday Blitz"]
[Site "Chess.com"]
[Date "2018.11.06"]
[Round "4"]
[White "Keaton87"]
[Black "Orest_Vovk"]
[Result "1-0"]
[WhiteElo "2470"]
[BlackElo "2416"]
[TimeControl "180+2"]
[EndTime "13:56:11 PST"]
[Termination "Keaton87 won by checkmate"]

1. Nf3 h6 2. d4 g5 3. e4 Bg7 4. c3 d5 5. exd5 Qxd5 6. Nbd2 Bg4 7. Bc4 Qf5 8. Qb3 b6 9. h3 Bxf3 10. Nxf3 e6 11. Be3 Ne7 12. O-O-O O-O 13. h4 g4 14. Ne5 Nbc6 15. Bd3 Qh5 16. Nxc6 Nxc6 17. Be4 Na5 18. Qa4 Rad8 19. Bb1 f5 20. Bf4 Qf7 21.
Rhe1 Rfe8 22. a3 Qd7 23. Qxd7 Rxd7 24. Ba2 Kf7 25. b4 Nb7 26. Kc2 Nd6 27. f3 h5 28. Be5 Bxe5 29. dxe5 Ree7 30. exd6 cxd6 31. Kd3 Kf6 32. Ke3 d5 33. f4 Rc7 34. Kd4 b5 35. g3 Rc6 36. Re3 Rec7 37. Bb3 a5 38. bxa5 Ra7 39. Ra1 Rxa5 40. Kd3 Rca6 41. Re2 Ke7 42.
Rea2 Kd6 43. a4 Rb6 44. Bc2 b4 45. cxb4 Rxb4 46. Rb1 Re4 47. Rb5 Ra6 48. a5 Kc6 49.
Rab2 Kc7 50. Rb7+ Kc8 51. Rb8+ Kc7 52. R2b7+ Kc6 53. Rb6+ Rxb6 54. Rxb6+ Kc7 55. Ra6 Re1 56. Ba4 Ra1 57. Be8 Ra3+ 58. Kd4 Rxg3 59. Rxe6 Rf3 60. Kxd5 Rxf4 61. Bxh5 g3 62. Rg6 Rxh4 63. Bf3 f4 64. Ke5 Rh2 65. a6 Ra2 66. Kxf4 g2 67. Bxg2 Kb8 68. Bb7 Ka7 69. Re6 Rf2+ 70. Ke3 Rf1 71. Re4 Re1+ 72. Kd4 Rd1+ 73. Kc3 Rd7 74. Re8 Rc7+ 75.
Kb4 Kb6 76. Re6+ Ka7 77. Bd5 Rd7 78. Bc4 Rg7 79. Rf6 Rh7 80. Ka5 Rh5+ 81. Bb5 Rh7 82. Rd6 Rh8 83. Rd7+ Kb8 84. a7+ Ka8 85. Bc6# 1-0

[Event "*** Titled Tuesday Blitz"]
[Site "Chess.com"]
[Date "2018.11.06"]
[Round "4"]
[White "nearestway"]
[Black "enriquetejedor"]
[Result "1-0"]
[WhiteElo "2519"]
[BlackElo "2461"]
[TimeControl "180+2"]
[EndTime "13:56:30 PST"]
[Termination "nearestway won by resignation"]

1. Nf3 c5 2. c4 Nf6 3. Nc3 d5 4.
cxd5 Nxd5 5. g3 Nc6 6. Bg2 Nc7 7. O-O e5 8. a3 f6 9. d3 Be6 10. Rb1 Qd7 11. Bd2 Be7 12. b4 cxb4 13. axb4 Nxb4 14. Qa4 Qxa4 15. Nxa4 a5 16. Rfc1 Ncd5 17. d4 e4 18. Ne1 f5 19. e3 Kf7 20. f3 Nf6 21. Nc3 exf3 22. Nxf3 Nd7 23. e4 fxe4 24. Nxe4 Bf5 25. Rf1 Rhf8 26. Nh4 g6 27. Nxf5 gxf5 28. Rxf5+ Kg7 29.
Rb5 b6 30. Ng5 Bxg5 31. Rxg5+ Kf6 32. Bxa8 Rxa8 33. Rf1+ Ke6 34. Bxb4 axb4 35. Rb5 Ra4 36. Rb1 b3 37. d5+ Kd6 38. R5xb3 Kxd5 39. Rd1+ Kc6 40.
Rf3 h5 41. h4 Nc5 42. Rf6+ Kb7 43. Rb1 Nd7 44. Rh6 Ra5 45. Rh7 Kc6 46. Rc1+ Nc5 47.
Rxh5 Ra3 48. Rh6+ Kd5 49. Rd1+ Ke4 50. Kg2 Nd3 51. Rxb6 Ra2+ 52. Kg1 Nf2 53. Re1+ Kf3 54. Rf6+ Kxg3 55. Re3+ Kxh4 56. Rxf2 Ra1+ 57. Kg2 Kg4 58. Re4+ Kg5 59. Rb2 Ra5 60. Reb4 Kf6 61. Rb5 Ra3 62.
Rc2 Ra6 63. Kf3 Ra3+ 64. Ke4 Ra4+ 65. Kd5 Rf4 66. Rc6+ Kf5 67. Rc8 Ra4 68. Rf8+ Kg6 69. Rb1 Ra5+ 70. Kc4 Kg7 71. Rf2 Rg5 72. Kd4 Rg4+ 73. Ke5 Rg5+ 74. Ke6 Rg6+ 75. Ke7 Rg3 76. Rb6 Re3+ 77. Re6 Rg3 78. Rf7+ Kg8 79. Rff6 Kg7 80. Ke8 Rg2 81. Rf7+ Kg8 82. Rc7 Rg3 83. Kd8 Rd3+ 84. Kc8 Kf8 85. Ra7 Rc3+ 86. Kb8 Rb3+ 87. Ka8 Rd3 88.
Rb6 Rd8+ 89. Rb8 Ke8 1-0

[Event "*** Titled Tuesday Blitz"]
[Site "Chess.com"]
[Date "2018.11.06"]
[Round "4"]
[White "Ramosha"]
[Black "GhostOfGreenval"]
[Result "0-1"]
[WhiteElo "2474"]
[BlackElo "2697"]
[TimeControl "180+2"]
[EndTime "13:56:31 PST"]
[Termination "GhostOfGreenval won by checkmate"]

1. d4 Nf6 2. c4 g6 3. Nc3 Bg7 4. e4 d6 5. f3 O-O 6. Be3 c5 7. dxc5 dxc5 8. Qxd8 Rxd8 9. Bxc5 Nc6 10. Be3 Nb4 11. Rc1 Nd7 12. b3 Ne5 13. Rd1 Nxf3+ 14. Nxf3 Bxc3+ 15. Ke2 Rxd1 16. Kxd1 Nxa2 17. Kc2 Bg7 18.
Bc5 Bg4 19. Bd3 a5 20. Bxe7 Nb4+ 21. Kd2 Re8 22. Bxb4 axb4 23. h3 Bd7 24. Ne1 Bh6+ 25. Ke2 f5 26. c5 fxe4 27. Bc4+ Kh8 28. Nc2 Bf8 29. Rd1 Bc6 30. Nxb4 Bxc5 31. Nxc6 bxc6 32. Rd7 Ra8 33. b4 Bxb4 34. Ke3 Re8 35. Rc7 Bc5+ 36. Ke2 Rb8 37. Rxc6 Rb2+ 38. Kf1 Bd4 39. Re6 Rf2+ 40. Ke1 e3 41. g4 Kg7 42. Re4 Bc3+ 43. Kd1 Rd2+ 44.
Kc1 Bb2+ 45. Kb1 Bd4 46. g5 h6 47. h4 hxg5 48. hxg5 Kf8 49. Re6 Rg2 50. Rxg6 e2 51.
Bxe2 Rxe2 52. Rd6 Bc3 53. Rc6 Bd2 54. g6 Re1+ 55. Kb2 Bg5 56. Ra6 Kg7 57. Kc2 Bf6 58. Kd3 Kxg6 59. Ra4 Kf5 60. Rc4 Be5 61. Rc8 Rd1+ 62.
Ke2 Ra1 63. Rc2 Ke4 64. Rc4+ Bd4 65. Rc2 Rh1 66. Kd2 Rh3 67. Ke2 Bc3 68. Kd1 Kd3 69.
Rd2+ Kc4 70. Rd7 Rh2 71. Re7 Kd3 72. Rd7+ Bd4 73. Re7 Ra2 74. Rc7 Ra5 75. Rc8 Ra1+ 76. Rc1 Ra2 77. Rc6 Rd2+ 78. Kc1 Rg2 79. Kb1 Rb2+ 80.
Kc1 Rb7 81. Rc8 Be3+ 82. Kd1 Rb1+ 83. Rc1 Rxc1# 0-1

[Event "*** Titled Tuesday Blitz"]
[Site "Chess.com"]
[Date "2018.11.06"]
[Round "4"]
[White "Slovak_fighter2000"]
[Black "Assasin14"]
[Result "1/2-1/2"]
[WhiteElo "2285"]
[BlackElo "2235"]
[TimeControl "180+2"]
[EndTime "13:56:52 PST"]
[Termination "Game drawn - insufficient material"]

1. d4 d5 2. c4 c6 3. Nf3 Nf6 4. Qc2 g6 5. g3 Bg7 6. Bg2 O-O 7. O-O Bf5 8. Qb3 Qb6 9. cxd5 Qxb3 10. axb3 cxd5 11.
Nc3 Nc6 12. Bf4 Rfd8 13. Rfc1 h6 14. Be5 Nxe5 15. Nxe5 a6 16. Na4 Rac8 17. Nb6 Rc2 18.
Rxc2 Bxc2 19. b4 Bf5 20. Rc1 Rd6 21. Na4 Ng4 22. Nxg4 Bxg4 23. e3 Bd7 24. Nc5 Bc6 25. h4 e5 26. dxe5 Bxe5 27. Rc2 Kg7 28. Nb3 Ba4 29. f4 Bxb3 30. fxe5 Re6 31. Rc3 Ba2 32. Kf2 Rxe5 33. Rc7 b5 34. Rc3 Bb1 35. Ra3 Re6 36.
Bxd5 Rd6 37. e4 f5 38. Bb7 fxe4 39. Bxa6 Rd2+ 40. Ke3 Rxb2 41. Bxb5 Rxb4 42. Bc6 Rb6 43. Ra7+ Kf6 44. Be8 Rb3+ 45. Kf2 Rf3+ 46. Kg2 Bd3 47. Rf7+ Ke5 48. Rxf3 exf3+ 49. Kxf3 h5 50. Ke3 Bb1 51. Bb5 Kf5 52. Kf3 Be4+ 53. Ke3 Bb7 54. Bd7+ Ke5 55. Be8 Kf5 56. Bd7+ Ke5 57. Kf2 Be4 58. Be8 Kd5 59. Ba4 Kd4 60. Bd1 Kd3 61. Bb3 Bf5 62. Kf3 Kd2 63.
Kf4 Ke2 64. Bd5 Kf2 65. Bf3 Bd3 66. Bd5 Bb1 67. Bc4 Bc2 68. Be6 Kg2 69. g4 hxg4 70. Kxg4 Bd1+ 71. Kf4 Bc2 72. Bg4 Bb1 73. Bd7 Bc2 74.
Kg5 Kg3 75. Bg4 Bd3 76. Bd1 Bb1 77. Bb3 Bf5 78. Bd1 Kh3 79. Be2 Be4 80. Bg4+ Kg3 81. Be6 Bb1 82. Bf7 Bc2 83. Be8 Bd3 84. Bf7 Be4 85. Bg8 Bb1 86. Bh7 Bc2 87. Bg8 Bd3 88. Bf7 Bb1 89. Be8 Bc2 90. Bxg6 Bxg6 91. h5 Bb1 92. h6 Kh3 93. Kh5 Kg3 94. Kg5 Bc2 95.
Kh5 Kf4 96. h7 Bxh7 1/2-1/2

[Event "*** Titled Tuesday Blitz"]
[Site "Chess.com"]
[Date "2018.11.06"]
[Round "4"]
[White "ChainsOfFantasia"]
[Black "Markov_Mikhail"]
[Result "1/2-1/2"]
[WhiteElo "2359"]
[BlackElo "2681"]
[TimeControl "180+2"]
[EndTime "13:58:12 PST"]
[Termination "Game drawn by 50-move rule"]

1. d4 Nf6 2. c4 e6 3. Nf3 d5 4.
g3 Be7 5. Bg2 O-O 6. O-O Nbd7 7.
Qc2 c5 8. cxd5 exd5 9. dxc5 Nxc5 10. Rd1 b6 11. Nc3 Bb7 12. Ne5 Rc8 13. Qf5 a6 14. Nd3 d4 15. Bxb7 Nxb7 16. Ne4 Nxe4 17. Qxe4 Nc5 18. Qf3 Bf6 19. Bf4 Re8 20. Rac1 Qd7 21.
Nxc5 bxc5 22. e3 Qa4 23. exd4 Bxd4 24. Qa3 Qxa3 25. bxa3 Bb2 26. Rc4 Bxa3 27. Be3 h6 28.
Rd5 Re6 29. Rd3 Bb2 30. Rxc5 Rce8 31. Kg2 Bf6 32. Rc7 Be5 33. Ra7 Rf6 34. Ra3 Ree6 35. Rb3 g5 36. h3 Kg7 37. a4 Kg6 38. a5 Rd6 39. Rb6 Bc3 40. Raxa6 Rd5 41. Rc6 Be5 42. Rxf6+ Bxf6 43. Rc6 Kg7 44. a6 Bd4 45. Rc5 Bxc5 46. a7 Bxa7 47. Bxa7 Kg6 48. Be3 Rb5 49. Kf3 f6 50. Ke4 Rb3 51. Kf3 Ra3 52. g4 Kf7 53. Ke4 Ke6 54. Kf3 Kd5 55. h4 Rb3 56. hxg5 hxg5 57.
Kg2 Ke4 58. Bc5 Rd3 59. Be7 Ke5 60. f3 Kf4 61. Bxf6 Rxf3 62. Bxg5+ Kxg4 63. Be7 Re3 64. Bc5 Re2+ 65. Kh1 Kh3 66. Bb6 Rc2 67. Ba7 Kg3 68. Bb8+ Kf3 69. Ba7 Rc1+ 70. Bg1 Rc8 71. Bd4 Rc4 72.
Ba7 Rh4+ 73. Kg1 Rh5 74. Bb6 Rh7 75. Bc5 Rh8 76. Bd4 Rh6 77. Ba7 Ra6 78. Bc5 Re6 79.
Ba7 Rc6 80. Bd4 Kg3 81. Kh1 Kh3 82. Be3 Re6 83. Bf2 Rh6 84. Be1 Kg4+ 85. Kg2 Re6 86.
Bf2 Re2 87. Kg1 Kh3 88. Ba7 Rh2 89. Bd4 Rd2 90. Be3 Re2 91. Bd4 Kg3 92. Kh1 Re1+ 93. Bg1 Kf3 94. Kh2 Rb1 95. Bc5 Rb5 96. Bd4 Rg5 97.
Ba7 Rg7 98. Bd4 Rd7 99. Bc5 Rg7 100. Bd4 Rg2+ 101. Kh1 Rd2 102. Bb6 Ke2 103. Kg2 Rd6 104. Bc5 Rd5 105. Ba7 Rg5+ 106. Kh1 Rg7 107. Bb8 Kf2 108. Be5 Rg8 109. Bd6 Rd8 110. Bc7 Rd5 111. Bb8 Rb5 112. Ba7+ Kg3 113. Bd4 Rd5 114. Bb6 1/2-1/2

[Event "*** Titled Tuesday Blitz"]
[Site "Chess.com"]
[Date "2018.11.06"]
[Round "5"]
[White "ozates"]
[Black "731291"]
[Result "1/2-1/2"]
[WhiteElo "2344"]
[BlackElo "2566"]
[TimeControl "180+2"]
[EndTime "13:59:51 PST"]
[Termination "Game drawn by agreement"]

1. e4 e6 2. d4 d5 3. Nd2 Be7 4. Bd3 c5 5. dxc5 Nf6 6. Qe2 O-O 7. Ngf3 a5 8. O-O Na6 9. exd5 exd5 10. Bxa6 Rxa6 11.
Re1 Bd6 12. cxd6 1/2-1/2

[Event "*** Titled Tuesday Blitz"]
[Site "Chess.com"]
[Date "2018.11.06"]
[Round "5"]
[White "Denis_Makhnyov"]
[Black "PelinGorki"]
[Result "1-0"]
[WhiteElo "2802"]
[BlackElo "2624"]
[TimeControl "180+2"]
[EndTime "14:00:42 PST"]
[Termination "Denis_Makhnyov won by resignation"]

1. d4 Nf6 2. c4 e5 3. dxe5 Ng4 4. Bf4 Nc6 5. Nf3 Bb4+ 6. Nbd2 Qe7 7. a3 Ngxe5 8. Nxe5 Nxe5 9. e3 Bxd2+ 10. Qxd2 O-O 11. Qc3 d6 12. Be2 b6 13. O-O Bb7 14. f3 Rfe8 15. Bg3 Rad8 16. Rfe1 d5 17. cxd5 Rxd5 18. e4 Rd7 19. Rad1 c5 20. Bxe5 Rxd1 21. Rxd1 1-0

[Event "*** Titled Tuesday Blitz"]
[Site "Chess.com"]
[Date "2018.11.06"]
[Round "5"]
[White "Orest_Vovk"]
[Black "Quiet_Desperation"]
[Result "1-0"]
[WhiteElo "2422"]
[BlackElo "2328"]
[TimeControl "180+2"]
[EndTime "14:01:24 PST"]
[Termination "Orest_Vovk won by resignation"]

1. g4 d5 2. h3 e5 3. Bg2 Nc6 4. c4 Be6 5. Nc3 d4 6. Nd5 Qd7 7. d3 O-O-O 8. Qa4 Kb8 9. Bd2 h5 10. b4 hxg4 11. b5 Nce7 12. Nb4 Nc8 13. Na6+ Ka8 14.
c5 Bd5 15. c6 Qe6 16. Nxc7+ 1-0

[Event "*** Titled Tuesday Blitz"]
[Site "Chess.com"]
[Date "2018.11.06"]
[Round "5"]
[White "Samuray111"]
[Black "pedromartinez91"]
[Result "1-0"]
[WhiteElo "2604"]
[BlackElo "2491"]
[TimeControl "180+2"]
[EndTime "14:01:50 PST"]
[Termination "Samuray111 won by resignation"]

1. e4 e6 2. Qe2 c5 3. Nf3 Nc6 4. g3 Nf6 5. Bg2 Be7 6. e5 Nd5 7.
O-O O-O 8. d3 d6 9. exd6 Bxd6 10. Na3 b6 11. Nc4 Bc7 12. c3 Re8 13. Nfe5 Nxe5 14.
Nxe5 Rb8 15. Nc6 Qd7 16. Nxb8 Bxb8 17. Bd2 Bb7 18. Rae1 Ba6 19. Bc1 Nf6 20. Rd1 Rd8 21. c4 h6 22. b3 Ne8 23. Bb2 Nd6 24. d4 cxd4 25. Rxd4 Qe7 26. Rfd1 Bc7 27. Ba3 e5 28. R4d2 1-0

[Event "*** Titled Tuesday Blitz"]
[Site "Chess.com"]
[Date "2018.11.06"]
[Round "5"]
[White "Supernotar"]
[Black "DiogenesSinopeus"]
[Result "1-0"]
[WhiteElo "2346"]
[BlackElo "2399"]
[TimeControl "180+2"]
[EndTime "14:02:44 PST"]
[Termination "Supernotar won by resignation"]

1. d4 Nf6 2. c4 e6 3. Nf3 Bb4+ 4. Nbd2 b6 5. g3 Ba6 6. Qb3 c5 7. Bg2 Nc6 8. dxc5 bxc5 9. O-O O-O 10. Rd1 Qe7 11. a3 Ba5 12. Qa4 Bb7 13. Nb3 Bc7 14. Be3 d6 15. h3 a5 16. Ne1 Ra6 17. Nd3 Rb8 18. Ndxc5 dxc5 19. Nxc5 Rb6 20. Nxb7 R6xb7 21. Qxc6 Rxb2 22. Bc5 1-0

[Event "*** Titled Tuesday Blitz"]
[Site "Chess.com"]
[Date "2018.11.06"]
[Round "5"]
[White "RegZryt"]
[Black "2Tilted"]
[Result "1-0"]
[WhiteElo "2517"]
[BlackElo "2411"]
[TimeControl "180+2"]
[EndTime "14:03:02 PST"]
[Termination "RegZryt won by resignation"]

1. d4 d5 2. c4 c6 3. Nf3 Nf6 4. e3 Bg4 5. h3 Bxf3 6. Qxf3 e6 7. Nc3 Nbd7 8. Bd3 Bb4 9. O-O O-O 10. Bd2 dxc4 11. Bxc4 e5 12. Rad1 exd4 13. exd4 Nb6 14. Bd3 Nbd5 15. Bg5 Be7 16. Rfe1 Re8 17. Re2 h6 18. Bh4 Nxc3 19. bxc3 Nh7 20. Bxh7+ Kxh7 21. Qe4+ Kg8 22. Bxe7 Qd7 23. Rde1 f6 24. Qg6 1-0

[Event "*** Titled Tuesday Blitz"]
[Site "Chess.com"]
[Date "2018.11.06"]
[Round "5"]
[White "Markov_Mikhail"]
[Black "xpto15"]
[Result "0-1"]
[WhiteElo "2665"]
[BlackElo "1337"]
[TimeControl "180+2"]
[EndTime "14:03:15 PST"]
[Termination "xpto15 won by resignation"]

1. e4 e5 2. Nf3 Nc6 3. Nc3 Nf6 4. Nxe5 Nxe5 5. d4 Ng6 6. e5 Ng8 7. f4 d5 8. Bd3 Nh6 9. Be3 Nf5 10. Qe2 h5 11. O-O-O Be6 12. Bf2 c6 13. g3 Bb4 14.
Nb1 Qd7 15. h3 Nh6 16. Qf1 Bf5 17. c3 Be7 18. Nd2 h4 19. g4 Bxd3 20. Qxd3 Nxf4 21. Qf3 Ne6 22. Be3 Bg5 23. Rdf1 O-O-O 24. Kb1 c5 25. dxc5 d4 26. cxd4 Bxe3 27. Qxe3 Qxd4 28. Qxd4 Rxd4 29. Nf3 Rf4 30. Nxh4 Rxf1+ 31. Rxf1 Nxg4 32. hxg4 Rxh4 33. Rxf7 Rxg4 34. Kc2 Rc4+ 35. Kd3 Rxc5 36. Ke4 Ng5+ 0-1

[Event "*** Titled Tuesday Blitz"]
[Site "Chess.com"]
[Date "2018.11.06"]
[Round "5"]
[White "OscarAng"]
[Black "GMSrinath"]
[Result "1-0"]
[WhiteElo "2183"]
[BlackElo "2806"]
[TimeControl "180+2"]
[EndTime "14:03:22 PST"]
[Termination "OscarAng won by resignation"]

1. e4 g6 2. d4 Bg7 3. Nc3 d6 4.
Bg5 h6 5. Bh4 a6 6. Qd2 b5 7. a3 Bb7 8. f4 Nd7 9. O-O-O Rc8 10. Kb1 c5 11. d5 b4 12. axb4 cxb4 13. Nce2 a5 14. Nd4 Ngf6 15. Bxf6 Bxf6 16. h4 Nc5 17.
Bb5+ Kf8 18. Qe3 Qb6 19. e5 Bg7 20. Bc6 Bxc6 21. Nxc6 Na4 22. Qb3 Qb5 23. Na7 Qb7 24. Nxc8 Nc5 25. exd6 Qxc8 26. dxe7+ Kxe7 27. d6+ Kf8 28. Qh3 f5 29. Qe3 Ne4 30. d7 Qd8 31. Nf3 Kf7 32. Qb3+ Ke7 33. Nd2 Nc5 34. Rhe1+ Kd6 35. Ne4+ Kc6 36. Qd5+ 1-0

[Event "*** Titled Tuesday Blitz"]
[Site "Chess.com"]
[Date "2018.11.06"]
[Round "5"]
[White "wonderfultime"]
[Black "albi1999"]
[Result "0-1"]
[WhiteElo "2797"]
[BlackElo "2466"]
[TimeControl "180+2"]
[EndTime "14:03:37 PST"]
[Termination "albi1999 won by resignation"]

1. d4 d5 2. c4 e6 3. Nc3 Nf6 4. Nf3 c5 5. cxd5 Nxd5 6. e4 Nxc3 7. bxc3 cxd4 8. cxd4 Bb4+ 9. Bd2 Bxd2+ 10. Qxd2 O-O 11. Bc4 Nd7 12. O-O b6 13. a4 Bb7 14. Bd3 Nf6 15.
Rfe1 Qc7 16. a5 bxa5 17. Rxa5 Rfd8 18. h3 h6 19. Qe3 Qxa5 20. Rb1 Ba6 21. Bc2 Rac8 22.
e5 Qc3 23. Qxc3 Rxc3 24. exf6 Rxc2 25. Ra1 Bb7 26. Ne5 gxf6 27. Ng4 f5 28. Ne3 Rb2 29. Nc4 Rb4 30. Ne5 Ra8 0-1

[Event "*** Titled Tuesday Blitz"]
[Site "Chess.com"]
[Date "2018.11.06"]
[Round "5"]
[White "kleinebeer98"]
[Black "ChainsOfFantasia"]
[Result "1-0"]
[WhiteElo "2603"]
[BlackElo "2353"]
[TimeControl "180+2"]
[EndTime "14:03:52 PST"]
[Termination "kleinebeer98 won by resignation"]

1. e4 e6 2. d4 d5 3. Bd3 dxe4 4. Bxe4 Nf6 5. Bf3 c5 6. Ne2 Nc6 7. Be3 e5 8. Bxc6+ bxc6 9. dxe5 Qxd1+ 10. Kxd1 Ng4 11.
Nbc3 Nxe5 12. f3 Be7 13. Ne4 Nc4 14. Bxc5 Nxb2+ 15. Kc1 Nc4 16. Re1 f5 17. Nd4 Bh4 18. g3 Kd7 19. gxh4 fxe4 20. Rxe4 Nd6 21. Re6 1-0

[Event "*** Titled Tuesday Blitz"]
[Site "Chess.com"]
[Date "2018.11.06"]
[Round "5"]
[White "Bykov_Egor"]
[Black "Pudor"]
[Result "1-0"]
[WhiteElo "2534"]
[BlackElo "2320"]
[TimeControl "180+2"]
[EndTime "14:03:53 PST"]
[Termination "Bykov_Egor won by resignation"]

1. d4 Nf6 2. c4 d6 3. Nf3 Nbd7 4. Nc3 e5 5. e4 g6 6. Be2 Bg7 7. O-O O-O 8. Be3 c6 9. d5 c5 10. a3 Nh5 11. Re1 Nf4 12. Bf1 f5 13. g3 fxe4 14. Nxe4 Nh5 15. Nxd6 Qf6 16. Nxc8 Raxc8 17. Nd2 Qe7 18. Ne4 b6 19. Bh3 Rcd8 20. d6 Qf7 21. Ng5 Qf6 22. Ne6 1-0